 Dungeon Crawl Stone Soup version 0.28.0 (webtiles) character file.

Game seed: 1213627283755052007

10 Hasart the Skirmisher (level 2, 0/25 HPs)
             Began as a Demigod Fighter on Feb 16, 2022.
             Slain by a bat (1 damage)
             ... on level 1 of the Dungeon.
             The game lasted 00:00:23 (219 turns).

Hasart the Skirmisher (Demigod Fighter)              Turns: 219, Time: 00:00:23

Health: 0/25       AC:  6    Str: 17    XL:     2   Next: 0%
Magic:  4/4        EV:  9    Int: 10    God:
Gold:   24         SH:  4    Dex: 13    Spells: 1/1 levels left

rFire   . . .      SeeInvis .   a - +0 war axe
rCold   . . .      Faith    .   c - +0 buckler
rNeg    . . .      Spirit   .   b - +0 scale mail
rPois   .          Reflect  .   (no helmet)
rElec   .          Harm     .   (no cloak)
rCorr   .          Rampage  .   (no gloves)
Will    .....                   (no boots)
Stlth   ..........              (no amulet)
HPRegen 0.08/turn               (no ring)
MPRegen 0.09/turn               (no ring)

@: no status effects
A: high MP 1, forlorn, divine attributes
a: no special abilities


You were on level 1 of the Dungeon.
You visited 1 branch of the dungeon, and saw 1 of its levels.

You collected 24 gold pieces.

Inventory:

Hand Weapons
 a - a +0 war axe (weapon)
Armour
 b - a +0 scale mail (worn)
 c - a +0 buckler (worn)
Scrolls
 e - a scroll of fear {unknown}
Potions
 d - a potion of might
 f - a potion of degeneration {unknown}


   Skills:
 + Level 2.8 Fighting
 * Level 2.1 Axes
 + Level 2.8 Armour
 + Level 0.3 Dodging
 + Level 2.8 Shields


You had one spell level left.
You didn't know any spells.
Your spell library was empty.

Dungeon Overview and Level Annotations

Branches:
Dungeon (1/15)


Innate Abilities, Weirdness & Mutations

You have an increased reservoir of magic. (+10% MP)
You shall have no god before yourself.
Your divine heritage dramatically boosts your attributes as you level up.


Message History

You barely miss the kobold. The bat hits you but does no damage.
The kobold hits you with a +0 whip. The goblin hits you but does no damage.
You are too injured to fight recklessly!
You are too injured to fight recklessly!
You are too injured to fight recklessly!
You are too injured to fight recklessly!
You are too injured to fight recklessly!
You are too injured to fight recklessly!
You are too injured to fight recklessly!
Unknown command.
You closely miss the goblin.
The goblin is moderately wounded.
You closely miss the kobold. The bat barely misses you.
The kobold hits you but does no damage. The goblin barely misses you.
You block the kobold's attack. The goblin hits you but does no damage.
You closely miss the goblin.
The goblin is moderately wounded.
You hit the kobold but do no damage. The bat hits you but does no damage.
The bat misses you. You block the kobold's attack.
The goblin hits you but does no damage.
Unknown command.
You miss the kobold. You hit the goblin.
You kill the goblin!
You barely miss the bat. The bat closely misses you.
The kobold hits you with a +0 whip.
* * * LOW HITPOINT WARNING * * *
The bat hits you.
* * * LOW HITPOINT WARNING * * *
The kobold closely misses you.
You have reached level 2!
The bat hits you but does no damage. The bat hits you but does no damage.
The hobgoblin hits you but does no damage.
The bat hits you but does no damage.
You barely miss the hobgoblin. The hobgoblin hits you.
* * * LOW HITPOINT WARNING * * *
You slash the hobgoblin!
You kill the hobgoblin!
The bat hits you.
You die...

#.....#..#. .## ......
#..#<....#.)... ......
#..#######...# #......
#..........#. .......
#.....#.##...###.......
.#######.# ..........?
.........# #.†)......
.........# ####K.†......
#######.####.@b.††......
#.#....#####......
#...#### #.....
#####..####### #####
##.............
#####..####......##
..##..## #...##.#
.....## #...# .#
....########.##


You could see a bat and a kobold.

Vanquished Creatures
  A hobgoblin (D:1)
  2 kobolds (D:1)
  3 quokkas (D:1)
  A ball python (D:1)
  A bat (D:1)
  A frilled lizard (D:1)
  A goblin (D:1)
  2 rats (D:1)
12 creatures vanquished.

Notes
Turn   | Place    | Note
-------+----------+-------------------------------------------
     0 | D:1      | Hasart the Demigod Fighter began the quest for the Orb.
     0 | D:1      | Reached XP level 1. HP: 18/18 MP: 3/3
   215 | D:1      | Reached XP level 2. HP: 2/25 MP: 4/4
   218 | D:1      | HP: 1/25 [hobgoblin (1)]
   219 | D:1      | Slain by a bat

Illustrated notes

Levels and vault maps discovered:
D:1:      ebering_hopf_link, layout_rooms,
          shapermc_ecumenical_altar_mp_urbaneastern, st_stairs_7

Skill      XL: |  1 |
---------------+----+-----
Axes           | 2 |  2.1
Fighting       | |  2.8
Armour         | |  2.8
Dodging        | |  0.3
Shields        | |  2.8

Action                   || total
-------------------------++-------
Melee: War axe           ||    27
Armor: Scale mail        ||    21
Dodge: Dodged            ||    18
Block: Buckler           ||     8
